 Dungeon Crawl Stone Soup version 0.27.1-33-g824d729ab1 (webtiles) character file.

Game seed: 11119211425517262514

58 SensoryNuts the Slasher (level 3, -5/29 HPs)
             Began as a Demonspawn Monk on Dec 6, 2021.
             Was a Believer of Trog.
             Killed by nerve-wracking pain
             ... invoked by Grinder
              (13 damage)
             ... on level 3 of the Dungeon.
             The game lasted 00:03:55 (3034 turns).

SensoryNuts the Slasher (Demonspawn Monk)           Turns: 3034, Time: 00:03:56

Health: -5/29      AC:  1    Str: 12    XL:     3   Next: 75%
Magic:  3/3        EV: 12    Int: 11    God:    Trog [**....]
Gold:   137        SH:  0    Dex: 13    Spells: 2/2 levels left

rFire    . . .     SeeInvis .   j - +2 trident (vorpal)
rCold    . . .     Faith    .   (no shield)
rNeg     . . .     Spirit   .   b - +0 robe
rPois    .         Reflect  .   (no helmet)
rElec    .         Harm     .   (no cloak)
rCorr    .         Rampage  .   (no gloves)
Will     .....     Clarity  +   (no boots)
Stlth    ++........             (no amulet)
HPRegen  0.09/turn              (no ring)
MPRegen  0.08/turn              (no ring)

@: no status effects
A: ignite blood 1, clarity, clumsy 1, deformed body
a: Renounce Religion, Berserk, Trog's Hand


You were on level 3 of the Dungeon.
You worshipped Trog.
Trog was pleased with you.
You visited 1 branch of the dungeon, and saw 3 of its levels.

You collected 137 gold pieces.

Inventory:

Hand Weapons
 a - a +0 falchion
 j - a +2 vorpal trident (weapon)
Armour
 b - a +0 robe (worn)
 g - a +0 scale mail
Jewellery
 e - an amulet of regeneration
Scrolls
 c - 2 scrolls of amnesia {unknown}
 d - a scroll of brand weapon {unknown}
 f - 6 scrolls of identify {unknown}
 i - a scroll of immolation {unknown}
 k - a scroll of blinking {unknown}
 l - a scroll of silence {unknown}


   Skills:
 + Level 3.4 Fighting
 + Level 3.5 Long Blades
 + Level 0.2 Polearms
 + Level 3.0 Dodging
 + Level 2.2 Stealth


You had 2 spell levels left.
You didn't know any spells.
Your spell library contained the following spells:

 Spells                   Type           Power      Damage    Failure   Level
 Freeze                   Ice            0%         1d3       34%         1
 Frozen Ramparts          Ice            0%         1d2       71%         3
 Hailstorm                Conj/Ice       0%         3d3       98%         4


Dungeon Overview and Level Annotations

Branches:
Dungeon (3/15)

Altars:
Trog

Shops:
D:3 *

Annotations:
D:3 Grinder


Innate Abilities, Weirdness & Mutations

Your demonic aura sometimes causes spilled blood to erupt in flames.
You possess an exceptional clarity of mind.
You are clumsy. (Dex -2)
Armour fits poorly on your strangely shaped body.


Message History

Grinder blinks!
The bat hits you. Grinder gestures at you. Pain shoots through your body!
The bat closely misses you.
You closely miss the bat. The bat barely misses you. The bat misses you.
Grinder gestures at you. Pain shoots through your body! The bat misses you.
Grinder gestures at you.
You suddenly lose the ability to move!
The bat hits you but does no damage. Grinder hits you. The bat hits you.
Grinder hits you.
You writhe in agony.
* * * LOW HITPOINT WARNING * * *
The bat hits you but does no damage.
Grinder blinks!
The bat hits you but does no damage. The bat hits you but does no damage.
You hear the quick rusting of a very distant drain.
The bat hits you but does no damage.
You can move again.
You see here a book of Transfigurations.
It was a potion of magic.
Magic courses through your body. The bat barely misses you.
Unknown command.
It was a potion of mutation.
You feel extremely strange.
Your thoughts seem clearer.
You feel clumsy.
Your body twists and deforms.
The bat hits you but does no damage. Grinder closely misses you.
Unknown command.
The bat closely misses you. Grinder barely misses you.
You hit Grinder.
Grinder is lightly wounded.
The bat hits you.
* * * LOW HITPOINT WARNING * * *
Grinder closely misses you.
You puncture Grinder!
Grinder is moderately wounded.
The bat hits you but does no damage. Grinder gestures at you.
Pain shoots through your body!
You die...

##### ##########...#
#....).....#.#######
####.#.#.####.........#
#...........##........#
#.##.....##.#.!:b.....#
#.#...........#@5.....#
#.##.∩...##.#.........#
#.##....###.##........#
#.##.#.## . .........#
#.##.#.# # ####.#.####
#.##.#.# # #.#.#
##.##.#.# .# #....
....#.#.##..# .# ##
............#


You could see Grinder and a bat.

Vanquished Creatures
  An adder (D:2)
  An ufetubus (D:2)
  A worm (D:2)
  2 orcs (D:3)
  5 endoplasms
  4 giant cockroaches
  3 goblins
  3 hobgoblins
  A quokka (D:1)
  3 ball pythons
  4 bats (D:2)
  2 frilled lizards (D:1)
  3 kobolds
  3 rats
36 creatures vanquished.

Notes
Turn   | Place    | Note
-------+----------+-------------------------------------------
     0 | D:1      | SensoryNuts the Demonspawn Monk began the quest for the
                  | Orb.
     0 | D:1      | Reached XP level 1. HP: 18/18 MP: 1/1
   372 | D:1      | Gained mutation: Your demonic aura sometimes causes spilled
                  | blood to erupt in flames. [demonic ancestry]
   372 | D:1      | Reached XP level 2. HP: 24/24 MP: 2/2
  1634 | D:2      | Reached XP level 3. HP: 24/29 MP: 3/3
  1877 | D:2      | Found a faded altar of an unknown god.
  2588 | D:2      | Became a worshipper of Trog the Wrathful
  2588 | D:2      | Reached * piety under Trog
  2588 | D:2      | Reached ** piety under Trog
  2992 | D:3      | Found Qaqugot's Assorted Antiques.
  3013 | D:3      | Noticed Grinder
  3013 | D:3      | Paralysed by Grinder for 2 turns
  3023 | D:3      | Paralysed by Grinder for 7 turns
  3031 | D:3      | Gained mutation: You possess an exceptional clarity of
                  | mind. [potion of mutation]
  3031 | D:3      | Gained mutation: You are clumsy. (Dex -2) [potion of
                  | mutation]
  3031 | D:3      | Gained mutation: Armour fits poorly on your strangely
                  | shaped body. [potion of mutation]
  3034 | D:3      | Killed from afar by Grinder

Illustrated notes

Levels and vault maps discovered:
D:1:      dpeg_arrival_arbitrary_c, layout_loops_ring, kennysheep_another_room,
          lemuel_flame_loot_1
D:2:      layout_basic, shapermc_ecumenical_altar_pompeii, grunt_ministairs_4
D:3:      layout_loops_ring, portal_sewer_entry_d, serial_shops, shop,
          grunt_ministairs_2, uniq_grinder, uniq_crazy_yiuf_cottage,
          uniq_jessica

Skill      XL: |  1  2  3 |
---------------+----------+-----
Long Blades    | 3 |  3.5
Stealth        | 2 |  2.2
Dodging        | 3 |  3.0
Fighting       | |  3.4
Polearms       | |  0.2

Action                   || total
-------------------------++-------
Melee: Falchion          ||   110
       Trident           ||    17
  Use: Potion            ||     3
 Stab: Sleeping          ||     6
Armor: Robe              ||    20
Dodge: Dodged            ||    95
       Rpst.: Falchion   ||    23
